 Dungeon Crawl Stone Soup version 0.29.1-1-gd02db6906a (webtiles) character file.

Game seed: 8727411409143937440

63 tizbic2 the Grave Robber (level 4, -5/29 HPs)
             Began as an Octopode Necromancer on Oct 1, 2022.
             Was a Believer of Sif Muna.
             Slain by an ice beast (7 damage)
             ... on level 3 of the Dungeon.
             The game lasted 00:09:35 (2169 turns).

tizbic2 the Grave Robber (Octopode Necromancer)     Turns: 2169, Time: 00:09:36

Health: -5/29      AC:  1    Str:  7    XL:     4   Next: 10%
Magic:  0/7        EV: 13    Int: 17    God:    Sif Muna [**....]
Gold:   169        SH:  0    Dex: 14    Spells: 3/7 levels left

rFire   . . .      SeeInvis .   i - staff of cold
rCold   + . .      Faith    .   (no shield)
rNeg    . . .      Spirit   .   (helmet restricted)
rPois   .          Reflect  .   (no amulet)
rElec   .          Harm     .   (no ring)
rCorr   .          Rampage  .   (no ring)
Will    .....                   (no ring)
Stlth   +++.......              (no ring)
HPRegen 0.09/turn               (no ring)
MPRegen 0.10/turn               (no ring)
                                (no ring)
                                (no ring)

@: no status effects
A: almost no armour, amphibious, 8 rings, camouflage 1, gelatinous body 1,
(nimble swimmer 1), tentacles
a: Renounce Religion, Channel Magic


You were on level 3 of the Dungeon.
You worshipped Sif Muna.
Sif Muna was pleased with you.
You visited 1 branch of the dungeon, and saw 3 of its levels.

You collected 169 gold pieces.

Inventory:

Hand Weapons
 c - a +0 rapier
Armour
 f - a +0 kite shield
Magical Staves
 i - a staff of cold (weapon)
Jewellery
 l - a ring of positive energy
Scrolls
 b - a scroll of magic mapping
 g - 2 scrolls of enchant weapon {unknown}
 m - 3 scrolls of teleportation
Potions
 a - a potion of magic
 d - 2 potions of might
 e - a potion of berserk rage {unknown}
 h - a potion of brilliance {unknown}
 j - a potion of flight {unknown}
 k - a potion of degeneration {unknown}
 n - 2 potions of heal wounds {unknown}


   Skills:
 * Level 1.7 Fighting
 - Level 0.8 Short Blades
 * Level 0.8 Staves
 + Level 2.5 Dodging
 - Level 2.8 Stealth
 + Level 2.3 Spellcasting
 + Level 4.2 Necromancy


You had 3 spell levels left.
You knew the following spells:

 Your Spells              Type           Power      Damage    Failure   Level
a - Necrotise             Necr           64%        1d7       3%          1
b - Vampiric Draining     Necr           16%        2d7       10%         3

Your spell library contained the following spells:

 Spells                   Type           Power      Damage    Failure   Level
 Foxfire                  Conj/Fire      4%         2x1d4     19%         1
 Slow                     Hex            4%         N/A       19%         1
 Blink                    Tloc           2%         N/A       28%         2
 Confusing Touch          Hex            1%         N/A       50%         3
 Conjure Flame            Conj/Fire      1%         6-21      50%         3
 Gell's Gravitas          Tloc           1%         N/A       50%         3
 Inner Flame              Hex/Fire       1%         N/A       50%         3
 Lesser Beckoning         Tloc           1%         N/A       50%         3
 Teleport Other           Tloc           1%         N/A       50%         3
 Animate Dead             Necr           16%        N/A       32%         4
 Agony                    Necr           16%        N/A       65%         5
 Flame Wave               Conj/Fire      1%         2d4       88%         4
 Manifold Assault         Tloc           1%         N/A       99%         5
 Dispersal                Tloc           0%         N/A       100%        6


Dungeon Overview and Level Annotations

Branches:
Dungeon (3/15)

Altars:
Fedhas
Sif Muna
Yredelemnul

Shops:
D:1 (


Innate Abilities, Weirdness & Mutations

You cannot wear most types of armour.
You are amphibious.
You can wear up to eight rings at the same time.
Your skin changes colour to match your surroundings (Stealth+).
Your rubbery body absorbs attacks. (AC +1, EV +1)
((You are camouflaged when in or above water. (Stealth+)))
You have tentacles for arms and can constrict up to eight enemies at once.


Message History

Press: ? - help, Shift-Dir - straight line, f/p - ice beast
Aim: an ice beast (heavily wounded, chance to affect: 73%)
The ice beast writhes in agony.
Casting: Necrotise (safe; 3% risk of failure)
Confirm with . or Enter, or press ? or * to list all spells.
Aiming: Necrotise (safe; 3% risk of failure)
Press: ? - help, Shift-Dir - straight line, f/p - ice beast
Aim: an ice beast (severely wounded, chance to affect: 73%)
The ice beast struggles to resist.
The ice beast barely misses you.
You hit the ice beast but do no damage.
The ice beast is severely wounded.
The ice beast completely misses you.
You hit the ice beast.
The ice beast is severely wounded.
The ice beast hits you. The ice beast freezes you. You resist.
You completely miss the ice beast.
The ice beast is severely wounded.
The ice beast misses you. The ice beast hits you. The ice beast freezes you.
You resist.
Casting: Necrotise (safe; 3% risk of failure)
Confirm with . or Enter, or press ? or * to list all spells.
The spell is quite dangerous to miscast (10% risk of failure)!
Continue anyway?
Aiming: Vampiric Draining (quite dangerous; 10% risk of failure)
Press: ? - help, Shift-Dir - straight line, f/p - ice beast
Aim: an ice beast (severely wounded)
You draw life force from the ice beast.
You feel life coursing into your body. The ice beast hits you.
The ice beast freezes you. You resist.
You barely miss the ice beast.
The ice beast is almost dead.
The ice beast closely misses you.
You hit the ice beast but do no damage.
The ice beast is almost dead.
The ice beast hits you.
* * * LOW HITPOINT WARNING * * *
The ice beast freezes you. You resist.
* * * LOW HITPOINT WARNING * * *
The ice beast attacks as you move away! The ice beast hits you.
* * * LOW HITPOINT WARNING * * *
The ice beast freezes you! You resist.
You die...

# ###.# ####...)......#.######..
####.#.###...............###....#
##...#.##..#....>........(.......
.........................####.###
...####^####.....................
#..# ....? #.#.............######
#..#.......#....#####..#...# #
...#.......#.#.............# ##
...^..._...#....@.......>..## #.
.#.#....S..#...Y............####.
##.#.J.....#..............#....#)
.# ... #...>..........####...
.####^####.....................
.........................#####.
...............................
.........................)###..
#..........................##^#


You could see an ice beast.

Vanquished Creatures
  2 adders
  5 orcs (D:3)
  3 ball pythons
  4 bats
  An endoplasm (D:2)
  3 giant cockroaches
  2 goblins (D:1)
  3 hobgoblins (D:2)
  5 kobolds (D:1)
  2 quokkas (D:2)
  3 frilled lizards
  4 rats
37 creatures vanquished.

Notes
Turn   | Place    | Note
-------+----------+-------------------------------------------
     0 | D:1      | tizbic2 the Octopode Necromancer began the quest for the
                  | Orb.
     0 | D:1      | Reached XP level 1. HP: 11/11 MP: 3/3
    17 | D:1      | Found Cedepiast's Weapon Shop.
   424 | D:1      | Found a faded altar of an unknown god.
   657 | D:1      | Prayed at the altar of an unknown god.
   657 | D:1      | Became a worshipper of Sif Muna the Loreminder
   657 | D:1      | Reached * piety under Sif Muna
   738 | D:1      | Reached XP level 2. HP: 18/18 MP: 5/5
   891 | D:1      | Reached skill level 1 in Fighting
   989 | D:2      | Reached XP level 3. HP: 21/23 MP: 6/6
  1009 | D:2      | Learned a level 3 spell: Vampiric Draining
  1031 | D:2      | Found a blossoming altar of Fedhas.
  1631 | D:2      | Reached ** piety under Sif Muna
  2072 | D:3      | Reached XP level 4. HP: 22/29 MP: 4/7
  2132 | D:3      | Found a basalt altar of Yredelemnul.
  2149 | D:3      | Noticed an ice beast
  2169 | D:3      | Slain by an ice beast

Illustrated notes

Levels and vault maps discovered:
D:1:      lemuel_arrival_rhombus, layout_basic, serial_shops, shop,
          chequers_ecumenical_altar_island, kennysheep_doodads
D:2:      layout_loops_ring, basic_altar, minmay_pentomino_x4
D:3:      layout_rooms, lemuel_tele_altar

Skill      XL: |  1  2 |
---------------+-------+-----
Fighting       | 1 |  1.7
Short Blades   | |  0.8
Staves         | |  0.8
Dodging        | |  2.5
Stealth        | |  2.8
Spellcasting   | |  2.3
Necromancy     | |  4.2

Action                   |  1- 3 |  4- 6 || total
-------------------------+-------+-------++-------
Melee: Rapier            |    30 |       ||    30
       Unarmed           |     7 |       ||     7
       Constrict         |    21 |       ||    21
       Punch             |     2 |       ||     2
       Tentacles         |    14 |       ||    14
       Staff             |    37 |     6 ||    43
 Cast: Necrotise         |     6 |     5 ||    11
       Vampiric Draining |     4 |     1 ||     5
  Use: Scroll            |     3 |       ||     3
 Stab: Sleeping          |    10 |     1 ||    11
Armor: Skin              |     9 |       ||     9
Dodge: Dodged            |    44 |     4 ||    48
